 Dungeon Crawl Stone Soup version 0.30-a0-760-g5a9884bb7c (webtiles) character file.

Game seed: 5116237443569432285

35 Aneyh the Trooper (level 3, -3/24 HPs)
             Began as a Tengu Monk on Feb 10, 2023.
             Slain by Sigmund
             ... wielding a +0 scythe
              (9 damage)
             ... on level 2 of the Dungeon.
             The game lasted 00:01:59 (916 turns).

Aneyh the Trooper (Tengu Monk)                       Turns: 916, Time: 00:02:00

Health: -3/24      AC:  2    Str: 11 (13) XL:     3   Next: 35%
Magic:  4/4        EV: 13    Int:  8 (10) God:
Gold:   8          SH:  0    Dex: 14 (16) Spells: 2/2 levels left

rFire   . . .      SeeInvis .    a - +0 spear
rCold   . . .      Faith    .    (no shield)
rNeg    . . .      Spirit   .    b - +0 robe
rPois   .          Reflect  +    (helmet restricted)
rElec   .          Harm     .    (no cloak)
rCorr   .          Rampage  .    (no gloves)
Will    .....                    (boots unavailable)
Stlth   +                        k - amulet of reflection
HPRegen 0.24/turn                (no ring)
MPRegen 0.09/turn                (no ring)

@: confused
A: beak, talons 3
a: no special abilities


You were on level 2 of the Dungeon.
You visited 1 branch of the dungeon, and saw 2 of its levels.

You collected 8 gold pieces.

Inventory:

Hand Weapons
 a - a +0 spear (weapon)
 h - a +2 dagger of venom
Missiles
 d - 4 poisoned darts (quivered)
Armour
 b - a +0 robe (worn)
Jewellery
 k - an amulet of reflection (around neck)
Scrolls
 f - a scroll of identify {unknown}
 g - a scroll of poison {unknown}
 i - a scroll of amnesia {unknown}
Potions
 j - a potion of might {unknown}


   Skills:
 + Level 4.3 Fighting
 - Level 3.2 Polearms
 - Level 3.2 Dodging
 - Level 2.0 Stealth


You had 2 spell levels left.
You didn't know any spells.
Your spell library was empty.

Dungeon Overview and Level Annotations

Branches:
Dungeon (2/15)

Altars:

Annotations:
D:2 Sigmund


Innate Abilities, Weirdness & Mutations

You have a beak for a mouth.
You have claws for feet.


Message History

Done exploring.
Done exploring.
There is a stone staircase leading down here.
You climb downwards.
Found a square steel amulet.
There is a stone staircase leading up here.
k - an amulet of reflection No target in view!
No target in view!
You start putting on your amulet.
You continue putting on your amulet of reflection. x5
You finish putting on your amulet of reflection.
You feel a shielding aura gather around you.
k - an amulet of reflection (around neck)
There is a stone staircase leading up here.
Sigmund the Dreaded comes into view.
He is wielding a +0 scythe.
Sigmund shouts!
Sigmund is nearby!
Sigmund casts a spell at you. The magic dart hits you!
Sigmund gestures at you while chanting.
You are confused.
Sigmund drinks a potion.
Sigmund flickers and vanishes!
Deactivating autopickup; reactivate with Ctrl-A.
A magic dart appears from out of thin air!
The magic dart hits you!
You are more confused.
You feel invigorated.
You bump into the rock wall.
You bump into the rock wall.
You bump into the rock wall.
You feel less invigorated. Something hits you!
You feel less confused.
You are confused.
You bump into the rock wall.
Something hits you!
* * * LOW HITPOINT WARNING * * *
It was a potion of degeneration.
There was something very wrong with that liquid.
You feel weakened.
You feel dopey.
You feel clumsy. Something hits you!
You die...

#+# #.# # ##.####..
#....... ##...##.#
#####.....#.#
#...##...##.#
####...##..###.########
................@...<.#
#########.####.########
#.####.# #......#
########


There were no monsters in sight!

Vanquished Creatures
  2 dart slugs (D:1)
  2 giant cockroaches (D:1)
  4 hobgoblins (D:1)
  4 jackals (D:1)
  A quokka (D:1)
  3 ball pythons (D:1)
  4 bats (D:1)
  2 frilled lizards (D:1)
  4 goblins (D:1)
  2 kobolds (D:1)
  2 rats (D:1)
30 creatures vanquished.

Notes
Turn   | Place    | Note
-------+----------+-------------------------------------------
     0 | D:1      | Aneyh the Tengu Monk began the quest for the Orb.
     0 | D:1      | Reached XP level 1. HP: 14/14 MP: 2/2
    62 | D:1      | Reached XP level 2. HP: 16/19 MP: 3/3
   379 | D:1      | Reached skill level 4 in Fighting
   459 | D:1      | Reached XP level 3. HP: 24/24 MP: 4/4
   892 | D:2      | Noticed Sigmund
   916 | D:2      | Slain by Sigmund

Illustrated notes

Levels and vault maps discovered:
D:1:      amcnicky_arrival_blooded_trapdoor, layout_basic, minmay_surrounded
D:2:      layout_loops_corners, grunt_ministairs_11, uniq_crazy_yiuf_cottage,
          uniq_sigmund, uniq_terence

Skill      XL: |  1  2 |
---------------+-------+-----
Fighting       | 4 |  4.3
Polearms       | |  3.2
Dodging        | |  3.2
Stealth        | |  2.0

Action                     || total
---------------------------++-------
  Melee: Spear             ||    75
         Peck              ||     8
         Kick              ||    12
         Punch             ||     1
    Use: Potion            ||     2
   Stab: Sleeping          ||     6
         Distracted        ||     1
 Armour: Robe              ||    11
  Dodge: Dodged            ||    35

Table legend: (Time is in decaauts)
 A = Elapsed time spent in this place.
 B = Non-inter-level travel time spent in this place.
 C = Inter-level travel time spent in this place.
 D = Time resting spent in this place.
 E = Time spent auto-exploring this place.
 F = Levels seen in this place.
 G = Mean time per level.
                   A        B        C        D        E       F      G
               +--------+--------+--------+--------+--------+-----+--------+
         Total |    910 |    905 |      5 |     24 |    690 |   2 |  455.0 |
       Dungeon |    910 |    905 |      5 |     24 |    690 |   2 |  455.0 |
               +--------+--------+--------+--------+--------+-----+--------+

Top non-repeatable levels by time:
     D:1: 855 daAuts
     D:2: 55 daAuts
